 Dungeon Crawl Stone Soup version 0.28.0-45-g0d030f2227 (webtiles) character file.

Game seed: 721275235270166498

148597 suse60 the Warrior (level 16, 0/165 HPs)
             Began as a Minotaur Monk on Apr 14, 2022.
             Was the Champion of Makhleb.
             Succumbed to naga warrior's concentrated venom
             ... on level 4 of the Snake Pit on Apr 19, 2022.
             The game lasted 04:22:03 (31480 turns).

suse60 the Warrior (Minotaur Monk)                 Turns: 31480, Time: 04:22:04

Health: 0/165      AC: 19    Str: 21    XL:     16   Next: 94%
Magic:  22/22      EV: 16    Int:  5    God:    Makhleb [******]
Gold:   1155       SH: 14    Dex: 28    Spells: 15/15 levels left

rFire   + + +      SeeInvis +   s - +10 war axe of a bailey {flame, *Corrode rF+++ Dex+6}
rCold   + + +      Faith    .   k - +0 kite shield
rNeg    . . .      Spirit   .   v - +1 plate armour {rC+}
rPois   +          Reflect  .   o - +1 hat
rElec   .          Harm     .   q - +1 cloak
rCorr   .          Rampage  .   F - +1 pair of gloves
Will    +....      Rnd*Tele +   r - +1 pair of boots
Stlth   ..........              H - amulet "Cagiad" {RegenMP SInv}
HPRegen 0.37/turn               A - ring of Kilixkel {rPois rF+ rC++}
MPRegen 0.58/turn               n - ring "Babah" {Dex+6 SInv}

@: lethally poisoned (0 -> -7), weakened, corroded, slowed, very slow
A: horns 2, retaliatory headbutt, dopey 1, poison resistance, screaming 1,
teleportitis 1
a: Renounce Religion, Minor Destruction, Lesser Servant of Makhleb, Major
Destruction, Greater Servant of Makhleb


You were on level 4 of the Snake Pit.
You worshipped Makhleb.
Makhleb was exalted by your worship.
You visited 5 branches of the dungeon, and saw 25 of its levels.
You also visited: Bailey, Gauntlet and Ice Cave.

You collected 2935 gold pieces.
You spent 1780 gold pieces at shops.

Inventory:

Hand Weapons
 s - the +10 war axe of a bailey (weapon) {flame, *Corrode rF+++ Dex+6}
   (You found it on level 8 of the Dungeon)

   It burns those it strikes, dealing additional fire damage.
   Big, fiery blades are also staple armaments of hydra-hunters.
   Dex:       It affects your dexterity (+6).
   rF:        It renders you almost immune to fire.
   *Corrode:  It may corrode you when you take damage.
Armour
 k - a +0 kite shield (worn)
 o - a +1 hat (worn)
 q - a +1 cloak (worn)
 r - a +1 pair of boots (worn)
 v - a +1 plate armour of cold resistance (worn)
 y - a scarf of resistance
 F - a +1 pair of gloves (worn)
Jewellery
 n - the ring "Babah" (right hand) {Dex+6 SInv}
   (You found it in a Gauntlet)

   [ring of dexterity]

   Dex:       It affects your dexterity (+6).
   SInv:      It lets you see invisible.
 A - the ring of Kilixkel (left hand) {rPois rF+ rC++}
   (You found it on level 11 of the Dungeon)

   [ring of protection from fire]

   rF:        It protects you from fire.
   rC:        It greatly protects you from cold.
   rPois:     It protects you from poison.
 C - the ring of Gieff {rN+ Str+2 Int-4 Dex+6}
   (You found it on level 12 of the Dungeon)

   [ring of dexterity]

   Str:       It affects your strength (+2).
   Int:       It affects your intelligence (-4).
   Dex:       It affects your dexterity (+6).
   rN:        It protects you from negative energy.
 D - a +6 ring of dexterity
 H - the amulet "Cagiad" (around neck) {RegenMP SInv}
   (You found it on level 3 of the Snake Pit)

   [amulet of magic regeneration]

   It increases your rate of magic regeneration.
   SInv:      It lets you see invisible.
Wands
 c - a wand of paralysis (6)
 d - a wand of iceblast (4)
 l - a wand of digging (11)
 t - a wand of flame (12)
 G - a wand of acid (5)
Scrolls
 f - 2 scrolls of fog
 j - 6 scrolls of identify
 p - 3 scrolls of holy word {unknown}
 u - a scroll of silence
 x - 5 scrolls of teleportation
 z - a scroll of fear
 B - a scroll of summoning
 E - a scroll of blinking
Potions
 a - 10 potions of curing
 b - 6 potions of invisibility
 e - 7 potions of flight
 g - 3 potions of resistance
 h - 7 potions of heal wounds
 i - a potion of ambrosia
 m - 4 potions of haste
 w - 2 potions of cancellation


   Skills:
 + Level 20.5 Fighting
 - Level 16.0 Axes
 - Level 4.6 Slings
 + Level 16.3 Armour
 + Level 13.5 Dodging
 - Level 1.5 Stealth
 - Level 10.0 Shields
 - Level 10.0 Invocations
 - Level 2.0 Evocations


You had 15 spell levels left.
You didn't know any spells.
Your spell library contained the following spells:

 Spells                   Type           Power      Damage    Failure   Level
 Freeze                   Ice            0%         1d3       100%        1
 Slow                     Hex            0%         N/A       100%        1
 Confusing Touch          Hex            0%         N/A       100%        3
 Conjure Flame            Conj/Fire      0%         6-21      100%        3
 Dazzling Flash           Conj/Hex       0%         N/A       100%        3
 Frozen Ramparts          Ice            0%         1d2       100%        3
 Ignite Poison            Fire/Tmut/Pois 0%         N/A       100%        3
 Vampiric Draining        Necr           0%         2d6       100%        3
 Airstrike                Air            0%         N/A       100%        4
 Hailstorm                Conj/Ice       0%         3d3       100%        4
 Ice Form                 Ice/Tmut       0%         N/A       100%        4
 Sticky Flame             Conj/Fire      0%         2d3       100%        4
 Summon Ice Beast         Ice/Summ       0%         N/A       100%        4
 Summon Lightning Spire   Summ/Air       0%         N/A       100%        4
 Agony                    Necr           0%         N/A       100%        5
 Blade Hands              Tmut           0%         N/A       100%        5
 Fireball                 Conj/Fire      0%         3d3       100%        5
 Freezing Cloud           Conj/Ice/Air   0%         6-21      100%        5
 Irradiate                Conj/Tmut      0%         3d14      100%        5
 Lightning Bolt           Conj/Air       0%         1d11      100%        5
 Silence                  Hex/Air        0%         N/A       100%        5
 Simulacrum               Ice/Necr       0%         N/A       100%        6
 Starburst                Conj/Fire      0%         6d3       100%        6
 Dragon Form              Tmut           0%         N/A       100%        7
 Ignition                 Fire           0%         3d3       100%        8
 Polar Vortex             Ice            0%         N/A       100%        9


Dungeon Overview and Level Annotations

Branches:
Dungeon (12/15)            Temple (1/1) D:4            Lair (6/6) D:10
 Shoals (0/4) Lair:4        Snake (4/4) Lair:2        Slime (0/5) Lair:6
    Orc (2/2) D:12            Elf (0/3) Orc:2        Bailey (visited)
  IceCv (visited)         Gauntlet (visited)

Altars:
Ashenzari
Cheibriados
Dithmenos
Elyvilon
Fedhas
Gozag
Hepliaklqana
Kikubaaqudgha
Makhleb
Nemelex Xobeh
Okawaru
Qazlal
Ru
Sif Muna
Trog
Uskayaw
Vehumet
Wu Jian
Xom
Yredelemnul
Zin
The Shining One
Beogh
Jiyva

Shops:
D:4 [   D:9 [   D:11 !   Orc:1 *   Orc:2 :!![!(

Portals:
Trove: D:10 (give 17 potions of curing)


Innate Abilities, Weirdness & Mutations

You have a pair of horns on your head.
You reflexively headbutt those who attack you in melee.
You are dopey. (Int -2)
Your system is resistant to poisons. (rPois)
You occasionally shout uncontrollably at your foes.
You are occasionally teleported next to monsters.


Message History

You feel better.
You hit the naga warrior but do no damage.
You block the naga warrior's attack. The naga warrior grabs you.
The naga warrior constricts you.
The naga warrior hits you with a +0 dire flail!
The naga warrior constricts you.
You hit the naga warrior. You burn the naga warrior.
The naga warrior is moderately wounded.
The naga warrior hits you with a +0 dire flail!!
* * * LOW HITPOINT WARNING * * *
The naga warrior constricts you.
You hit the naga warrior but do no damage.
Your headbutt misses the naga warrior.
The naga warrior is moderately wounded.
The naga warrior hits you with a +0 dire flail.
* * * LOW HITPOINT WARNING * * *
The naga warrior constricts you.
You slash the naga warrior! You burn the naga warrior.
The naga warrior is moderately wounded.
The naga warrior spits poison at you.
The splash of poison hits you but does no damage.
You are poisoned.
You have difficulty breathing.
* * * LOW HITPOINT WARNING * * *
You feel as though you will be slow longer.
The naga warrior constricts you.
* * * LOW HITPOINT WARNING * * *
You feel much better.
You feel very sick.
The naga warrior hits you with a +0 dire flail!
* * * LOW HITPOINT WARNING * * *
The naga warrior constricts you.
* * * LOW HITPOINT WARNING * * *
You block the naga warrior's attack. The naga warrior constricts you.
* * * LOW HITPOINT WARNING * * *
Blink to where?
Press: ? - help, Q - select action, (/) - cycle Dir - move target You escape the naga warrior's grasp.
As you read the scroll of blinking, it crumbles to dust.
You die...

. #.... ##..÷#)#..#
#...... .. #...
##...##)#.##
#...8.. N..
#..##...###)#.#
##......
N...##.....###§N#.#
##...###.
..........## #)##.#
#...## ##
S........## #)##.#
##...# # ..##...##
#)##.# #..)##
#...##
##)##.###...# #...#
#@.##..##..## #...#
##)####.#...# ....#
#..# #..#.<.# .)N#
#.## #.##...# ..#
#.# #.###### .# #.#
#.## ##.# #..# #..#
##.# ##.## #..#


You could see a naga warrior (curare).

Vanquished Creatures
  Vashnia (Snake:2)
  Frances (Snake:1)
  Kirke (Lair:6)
  5 nagarajas
  An orc warlord (Orc:2)
  Aizul (Snake:2)
  A reaper (IceCv)
  Azrael (Snake:2)
  A minotaur (Gauntlet)
  A blizzard demon (Gauntlet)
  2 salamander tyrants (Snake:4)
  6 naga warriors
  A boulder beetle (Lair:4)
  A vault guard (D:10)
  14 hydras
  4 catoblepae (Lair:6)
  8 anacondas
  A two-headed ogre (D:11)
  20 death yaks
  12 naga sharpshooters
  A thrashing horror (Gauntlet)
  5 shock serpents
  Sonja (Lair:5)
  4 naga ritualists
  2 orc knights
  2 orc sorcerers
  9 salamanders
  9 mana vipers
  A cyclops (D:11)
  4 ugly things
  6 guardian serpents
  2 manticores (Lair:6)
  42 black mambas
  2 ice statues (IceCv)
  6 elephants
  13 naga magi
  19 cane toads
  A torpor snail (Lair:4)
  2 unseen horrors
  4 rime drakes
  An entropy weaver simulacrum (IceCv)
  7 ice devils
  2 anaconda simulacra (IceCv)
  9 komodo dragons
  2 polar bears
  3 trolls
  28 dream sheep
  A snapping turtle (Lair:4)
  18 blink frogs
  Sigmund (D:6)
  A water elemental (D:12)
  6 wyverns
  3 shadows
  63 yaks
  4 wraiths (D:10)
  5 basilisks
  2 fire elementals (Snake:2)
  3 hogs (Lair:6)
  A steam dragon (D:9)
  A death yak simulacrum (IceCv)
  9 vampire mosquitoes
  2 wargs
  31 nagas
  13 water moccasins
  3 hell hounds (Snake:2)
  38 orc warriors
  10 ogres
  3 sky beasts (D:7)
  2 necrophages
  5 black bears
  7 wolves
  A centaur (D:7)
  4 small abominations (Gauntlet)
  15 bullfrogs
  3 two-headed ogre simulacra (IceCv)
  A cane toad simulacrum (IceCv)
  4 scorpions
  2 water moccasin skeletons
  6 killer bees (D:9)
  5 howler monkeys
  5 wights
  8 electric eels
  A bullfrog zombie (D:6)
  2 centaur zombies
  26 orc priests
  3 gnoll shamans
  10 hounds
  2 jellies
  2 centaur skeletons
  4 iguanas
  Jessica (D:2)
  27 orc wizards
  4 hell rats (Lair:6)
  5 troll simulacra (IceCv)
  Terence (D:2)
  A wolf simulacrum (IceCv)
  A spriggan simulacrum (IceCv)
  2 polar bear simulacra (IceCv)
  A killer bee zombie (D:6)
  2 howler monkey zombies
  Robin (D:2)
  18 gnolls
  A howler monkey skeleton (D:6)
  4 adders
  A naga simulacrum (IceCv)
  A shadow imp (D:7)
  4 white imps
  2 ufetubi (IceCv)
  An adder skeleton (D:4)
  8 worms
  2 dart slugs
  87 orcs
  3 ball pythons
  3 giant cockroaches
  16 goblins
  5 hobgoblins
  7 jackals
  6 quokkas
  7 bats
  4 frilled lizards
  17 kobolds
  4 rats
  A bush (Lair:6)
854 creatures vanquished.

Vanquished Creatures (collateral kills)
  Josephine (D:10)
  The ghost of sking99 the Cleaver, a novice HOFi of the Shining One (D:7)
  A catoblepas (Lair:6)
  A naga sharpshooter (Snake:2)
  2 orc knights (Bailey)
  3 orc warriors
  An electric eel (D:10)
  An orc wizard (Orc:2)
  A hell rat (Lair:6)
  An orc (Orc:2)
  A hobgoblin (Bailey)
14 creatures vanquished.

Vanquished Creatures (others)
  A white imp (Gauntlet)
  32 fungi
  75 plants
108 creatures vanquished.

Grand Total: 976 creatures vanquished

Notes
Turn   | Place    | Note
-------+----------+-------------------------------------------
     0 | D:1      | suse60 the Minotaur Monk began the quest for the Orb.
     0 | D:1      | Reached XP level 1. HP: 19/19 MP: 0/0
   157 | D:1      | Reached XP level 2. HP: 14/21 MP: 1/1
   372 | D:1      | Reached skill level 4 in Fighting
  1089 | D:1      | Noticed a floating eye
  1091 | D:1      | Found a faded altar of an unknown god.
  1093 | D:1      | Noticed a golden eye
  1093 | D:1      | Noticed an eye of devastation
  1093 | D:1      | Noticed an eye of devastation
  1108 | D:1      | Reached XP level 3. HP: 31/31 MP: 2/2
  1355 | D:2      | Noticed Terence
  1679 | D:2      | Noticed Robin
  1851 | D:2      | Killed Robin
  1980 | D:2      | Noticed Jessica
  1992 | D:2      | Killed Jessica
  1993 | D:2      | Reached XP level 4. HP: 41/41 MP: 3/3
  2036 | D:2      | Killed Terence
  2491 | D:3      | Found an opulent altar of Gozag.
  2630 | D:3      | Reached XP level 5. HP: 47/47 MP: 4/4
  2654 | D:3      | Reached skill level 5 in Fighting
  2663 | D:3      | Reached skill level 5 in Axes
  2993 | D:4      | Found Necej's Armour Shop.
  3137 | D:4      | Noticed a necrophage
  3153 | D:4      | Killed a necrophage
  3154 | D:4      | Reached skill level 5 in Dodging
  3154 | D:4      | Reached XP level 6. HP: 52/56 MP: 5/5
  3214 | D:4      | Found a staircase to the Ecumenical Temple.
  3225 | Temple   | Entered the Ecumenical Temple
  3347 | Temple   | Became a worshipper of Makhleb the Destroyer
  3347 | Temple   | Reached * piety under Makhleb
  3347 | Temple   | Reached ** piety under Makhleb
  4085 | D:4      | Bought a +0 cloak for 54 gold pieces
  4085 | D:4      | Bought a +0 pair of boots for 54 gold pieces
  4172 | D:5      | Entered Level 5 of the Dungeon
  4220 | D:5      | Reached skill level 6 in Fighting
  4234 | D:5      | Reached skill level 1 in Armour
  4243 | D:5      | Reached XP level 7. HP: 62/63 MP: 6/6
  4440 | D:5      | Identified the +2 quarterstaff of Salt {holy, Stlth+}
  5686 | D:6      | Reached skill level 7 in Fighting
  5714 | D:6      | Reached XP level 8. HP: 68/73 MP: 7/7
  5832 | D:6      | Noticed Sigmund
  5936 | D:6      | HP: 2/68 [gnoll/+0 spear (2)]
  6762 | D:6      | Killed Sigmund
  6795 | D:6      | Reached skill level 5 in Armour
  6798 | D:6      | Reached skill level 8 in Fighting
  6868 | D:6      | Reached *** piety under Makhleb
  7061 | D:6      | Reached XP level 9. HP: 81/81 MP: 8/8
  7931 | D:7      | Noticed sking99's ghost (novice HOFi)
  7931 | D:7      | Identified the +5 dire flail "Lyafer" {vorpal, Str+3}
  7932 | D:7      | Found a transporter.
  7932 | D:7      | Found a transporter.
  8462 | D:7      | Reached skill level 9 in Fighting
  8857 | D:8      | Found a flagged portal.
  8864 | D:8      | Identified the +4 hand axe "Enim" {freeze, Str+3 Dex+3}
  8870 | Bailey   | Entered a bailey
  8878 | Bailey   | Noticed an orc knight
  8879 | Bailey   | Noticed an orc knight
  8964 | Bailey   | Reached **** piety under Makhleb
  8966 | Bailey   | Identified the +8 hunting sling "Boxeimet" {flame, rPois
                  | rF++ Str+3}
  9097 | Bailey   | Killed an orc knight
  9108 | Bailey   | Killed an orc knight
  9109 | Bailey   | Reached XP level 10. HP: 60/93 MP: 9/9
  9711 | D:8      | Identified the +10 war axe of a bailey {flame, *Corrode
                  | rF+++ Dex+6}
 10215 | D:9      | Found Okerebot's Antique Armour Boutique.
 10300 | D:7      | Killed sking99's ghost
 10301 | D:7      | Reached skill level 10 in Fighting
 10301 | D:7      | Reached skill level 10 in Axes
 10301 | D:7      | Reached skill level 1 in Slings
 11136 | D:10     | Entered Level 10 of the Dungeon
 11240 | D:10     | Noticed a white ugly thing
 11261 | D:10     | Killed a white ugly thing
 11262 | D:10     | Reached XP level 11. HP: 30/101 MP: 10/10
 11609 | D:10     | Reached skill level 10 in Dodging
 11681 | D:10     | Found a staircase to the Lair.
 11793 | D:10     | Noticed a vault guard
 11805 | D:10     | Killed a vault guard
 11806 | D:10     | Reached skill level 11 in Fighting
 11955 | D:10     | Identified the +8 flail of Udehik {elec, rF+ rC- rN+++
                  | Will++}
 12018 | D:10     | Noticed Josephine
 12029 | D:10     | Killed Josephine
 12030 | D:10     | Reached skill level 1 in Shields
 12474 | D:10     | Found a portal to a secret trove of treasure.
 12614 | Lair:1   | Entered Level 1 of the Lair of Beasts
 12821 | Lair:1   | Noticed a four-headed hydra
 12853 | Lair:1   | Killed a one-headed hydra
 12854 | Lair:1   | Noticed a four-headed hydra
 12863 | Lair:1   | Killed a two-headed hydra
 12886 | Lair:1   | Reached ***** piety under Makhleb
 12891 | Lair:1   | Reached skill level 12 in Fighting
 13109 | Lair:1   | Reached skill level 5 in Shields
 13598 | Lair:1   | Gained mutation: You occasionally shout uncontrollably at
                  | your foes. [potion of mutation]
 13598 | Lair:1   | Gained mutation: You are strong-willed. (Will+) [potion of
                  | mutation]
 13715 | Lair:2   | Reached XP level 12. HP: 96/113 MP: 11/11
 14264 | Lair:2   | Reached skill level 13 in Fighting
 14331 | Lair:2   | Found a staircase to the Snake Pit.
 14362 | Lair:2   | Lost mutation: You occasionally shout uncontrollably at
                  | your foes. [potion of mutation]
 14362 | Lair:2   | Lost mutation: You are strong-willed. (Will+) [potion of
                  | mutation]
 14362 | Lair:2   | Gained mutation: You are partially covered in iridescent
                  | scales. (AC +2) [potion of mutation]
 14362 | Lair:2   | Gained mutation: You have an increased reservoir of magic.
                  | (+10% MP) [potion of mutation]
 14652 | Lair:2   | Noticed a seven-headed hydra
 14661 | Lair:2   | Killed a three-headed hydra
 15183 | D:4      | Bought a +1 plate armour of cold resistance for 420 gold
                  | pieces
 15479 | Lair:3   | Found a frozen archway.
 15502 | IceCv    | Entered an ice cave
 15850 | IceCv    | Reached skill level 14 in Fighting
 15953 | IceCv    | Noticed a reaper
 16041 | IceCv    | Killed a reaper
 16212 | Lair:3   | Reached XP level 13. HP: 116/125 MP: 13/13
 16281 | Lair:3   | Reached ****** piety under Makhleb
 16722 | Lair:3   | Reached skill level 10 in Shields
 16740 | Lair:3   | Reached skill level 1 in Invocations
 16936 | Lair:3   | Reached skill level 15 in Fighting
 16936 | Lair:3   | Reached skill level 15 in Axes
 18012 | Lair:4   | Found a staircase to the Shoals.
 18476 | Lair:4   | Reached skill level 5 in Invocations
 18641 | Lair:4   | Reached skill level 16 in Fighting
 18660 | Lair:4   | Reached XP level 14. HP: 129/137 MP: 18/18
 18977 | Lair:4   | Reached skill level 10 in Armour
 19259 | Lair:4   | Identified the ring "Plog" {Wiz rC++ Will++ Str-3}
 19901 | Lair:5   | Identified the +3 quarterstaff of the Common Good {flame,
                  | rC+}
 20003 | Lair:5   | Found a gate leading to a gauntlet.
 20011 | Gauntlet | Entered a Gauntlet
 20011 | Gauntlet | Found a transporter.
 20020 | Gauntlet | Found a transporter.
 20021 | Gauntlet | Found a transporter.
 20024 | Gauntlet | Found a transporter.
 20025 | Gauntlet | Found a transporter.
 20026 | Gauntlet | Found a transporter.
 20039 | Gauntlet | Found a transporter.
 20064 | Gauntlet | Found a transporter.
 20064 | Gauntlet | Found a transporter.
 20067 | Gauntlet | Found a transporter.
 20106 | Gauntlet | Found a transporter.
 20137 | Gauntlet | Found a transporter.
 20231 | Gauntlet | Identified the ring "Babah" {Dex+6 SInv}
 20267 | Gauntlet | Identified the +3 pair of gloves of Responsibility {rC+
                  | Regen+ Str-4 Int+9}
 20712 | Lair:5   | Found a sacrificial altar of Ru.
 20806 | Lair:5   | Reached skill level 17 in Fighting
 20858 | Lair:5   | Noticed Sonja
 20876 | Lair:5   | Killed Sonja
 21496 | Lair:6   | Entered Level 6 of the Lair of Beasts
 21499 | Lair:6   | Noticed Kirke
 21515 | Lair:6   | Killed Kirke
 22142 | Lair:6   | Reached XP level 15. HP: 148/148 MP: 22/22
 22341 | Lair:6   | Reached skill level 18 in Fighting
 22674 | Lair:6   | Found a staircase to the Slime Pits.
 22674 | Lair:6   | Found a viscous altar of Jiyva.
 23523 | D:11     | Identified the ring of Kilixkel {rPois rF+ rC++}
 23837 | D:11     | Found Uhurr's Distillery.
 23840 | D:11     | Bought a potion of curing for 42 gold pieces
 24239 | D:12     | Identified the ring of Gieff {rN+ Str+2 Int-4 Dex+6}
 24405 | D:12     | Found a staircase to the Orcish Mines.
 24414 | Orc:1    | Entered Level 1 of the Orcish Mines
 24466 | Orc:1    | Paralysed by an orc sorcerer for 3 turns
 24610 | Orc:1    | Found Luplitoet's Assorted Antiques.
 24787 | Orc:1    | Bought a potion of curing for 114 gold pieces
 24789 | Orc:1    | Bought a large peridot amulet for 190 gold pieces
 24789 | Orc:1    | Bought a scroll of blinking for 285 gold pieces
 24865 | Orc:1    | Reached skill level 10 in Invocations
 25148 | Orc:2    | Entered Level 2 of the Orcish Mines
 25154 | Orc:2    | Found Cecirr's Book Boutique.
 25214 | Orc:2    | Found Colyg's Distillery.
 25223 | Orc:2    | Bought a potion of curing for 39 gold pieces
 25223 | Orc:2    | Bought a potion of curing for 39 gold pieces
 25260 | Orc:2    | Found Dubad's Distillery.
 25366 | Orc:2    | Found a staircase to the Elven Halls.
 25515 | Orc:2    | Found Rihupof's Distillery.
 25520 | Orc:2    | Bought a potion of curing for 42 gold pieces
 25874 | Orc:2    | Noticed an orc warlord
 25906 | Orc:2    | Killed an orc warlord
 25925 | Orc:2    | Found Pocwuom Sol's Antique Weapon Shop.
 25929 | Orc:2    | Found Umyunoo's Antique Armour Boutique.
 26060 | Orc:2    | Bought a potion of haste for 140 gold pieces
 26060 | Orc:2    | Bought a potion of heal wounds for 70 gold pieces
 26157 | Orc:2    | Bought a potion of heal wounds for 75 gold pieces
 26178 | Orc:2    | Bought a potion of mutation for 104 gold pieces
 26178 | Orc:2    | Lost mutation: You are partially covered in iridescent
                  | scales. (AC +2) [potion of mutation]
 26178 | Orc:2    | Lost mutation: You have an increased reservoir of magic.
                  | (+10% MP) [potion of mutation]
 26178 | Orc:2    | Gained mutation: You are clumsy. (Dex -2) [potion of
                  | mutation]
 26178 | Orc:2    | Gained mutation: You are partially covered in iridescent
                  | scales. (AC +2) [potion of mutation]
 26414 | D:11     | Bought a potion of mutation for 112 gold pieces
 26414 | D:11     | Lost mutation: You are partially covered in iridescent
                  | scales. (AC +2) [potion of mutation]
 26414 | D:11     | Lost mutation: You are clumsy. (Dex -2) [potion of
                  | mutation]
 26414 | D:11     | Gained mutation: You are strong-willed. (Will+) [potion of
                  | mutation]
 26414 | D:11     | Gained mutation: You are somewhat resistant to further
                  | mutation. [potion of mutation]
 26506 | Snake:1  | Entered Level 1 of the Snake Pit
 26977 | Snake:1  | Reached skill level 1 in Evocations
 27064 | Snake:1  | Noticed Frances
 27143 | Snake:1  | Killed Frances
 27144 | Snake:1  | Reached skill level 19 in Fighting
 27258 | Snake:2  | Noticed Azrael
 27278 | Snake:2  | Killed Azrael
 27331 | Snake:2  | Noticed Vashnia
 27640 | Snake:2  | Identified the +3 cloak of Polytheism {rC+ Will+++ Dex-5}
 28002 | Snake:2  | Reached XP level 16. HP: 147/160 MP: 22/22
 28030 | Snake:2  | Lost mutation: You are strong-willed. (Will+) [potion of
                  | mutation]
 28030 | Snake:2  | Lost mutation: You are somewhat resistant to further
                  | mutation. [potion of mutation]
 28030 | Snake:2  | Gained mutation: You are agile. (Dex +2) [potion of
                  | mutation]
 28030 | Snake:2  | Gained mutation: You are frail. (-10% HP) [potion of
                  | mutation]
 28081 | Snake:2  | Noticed Aizul
 28104 | Snake:2  | Killed Aizul
 28744 | Snake:2  | Killed Vashnia
 28905 | Snake:2  | Lost mutation: You are frail. (-10% HP) [potion of
                  | mutation]
 28905 | Snake:2  | Lost mutation: You are agile. (Dex +2) [potion of mutation]
 28905 | Snake:2  | Gained mutation: You have hidden genetic defects. [potion
                  | of mutation]
 28905 | Snake:2  | Gained mutation: You occasionally shout uncontrollably at
                  | your foes. [potion of mutation]
 28905 | Snake:2  | Gained mutation: Your system is resistant to poisons.
                  | (rPois) [potion of mutation]
 29202 | Snake:3  | Reached skill level 15 in Armour
 29606 | Snake:3  | Identified the amulet "Cagiad" {RegenMP SInv}
 30070 | Snake:4  | Entered Level 4 of the Snake Pit
 30101 | Snake:4  | Gained mutation: You are dopey. (Int -2) [hidden defects]
 30368 | Snake:4  | Reached skill level 20 in Fighting
 30965 | Snake:4  | Gained mutation: You are occasionally teleported next to
                  | monsters. [hidden defects]
 30965 | Snake:4  | Lost mutation: You have hidden genetic defects. [hidden
                  | defects expressed]
 31478 | Snake:4  | HP: 4/165 [constriction (5)]
 31480 | Snake:4  | Succumbed to naga warrior's concentrated venom

Illustrated notes

Levels and vault maps discovered:
D:1:      minmay_arrival_four_circles, layout_basic,
          hellmonk_ecumenical_altar_watching_god
D:2:      layout_loops_ring, kennysheep_generic_room_3, uniq_jessica,
          uniq_terence, uniq_robin
D:3:      layout_rooms, grunt_gozag_breadcrumbs
D:4:      layout_loops_corners, minmay_temple_entry_slanted, serial_shops,
          nicolae_inconvenience_store, hex_tiny
D:5:      layout_cave_pools, nicolae_wormholes
D:6:      layout_basic, minmay_misc_feat_room, st_stairs_5, uniq_sigmund
D:7:      layout_loops_ring, gammafunk_ghost_smash, serial_bayou,
          serial_bayou_pond_a, serial_bayou_pond_c, serial_bayou_lake_a,
          serial_bayou_pond_b, minmay_misc_feat_five
D:8:      layout_gridville, enter_bailey_2, hangedman_abyss_or_decor_stabs
D:9:      layout_irregular_city, serial_shops, nicolae_shop_stone,
          minmay_misc_feat_nine_boxes
D:10:     layout_cave_pods, erik_lair_island, enter_trove_5, uniq_josephine
D:11:     layout_gridville, serial_shops, shop
D:12:     layout_stronghold, erik_orc_2, uniq_jorgrun
Temple:   kilobyte_greek_temple
Lair:1:   layout_hall_layers
Lair:2:   layout_small_grid, guppyfry_snake_entry_island, grunt_megastairs_1
Lair:3:   layout_gridlike, portal_ice_cave_entry_ice_simulacra
Lair:4:   nzn_winding_woodlands_huge [nzn_winding_woodlands_5x15_crooked,
          nzn_winding_woodlands_5x15_lazy_stream,
          nzn_winding_woodlands_5x15_river_crossing,
          nzn_winding_woodlands_5x15_longhouse, nzn_winding_woodlands_5x15_eye,
          nzn_winding_woodlands_5x15_pathside_ponds,
          nzn_winding_woodlands_5x15_twine,
          nzn_winding_woodlands_5x15_split_checker,
          nzn_winding_woodlands_5x15_sawtooth,
          nzn_winding_woodlands_5x15_concentric,
          nzn_winding_woodlands_center_garden,
          nzn_winding_woodlands_center_triple_pond,
          nzn_winding_woodlands_15x15_boxy_spiral], layout_hall_layers,
          minmay_shoals_entry_hut
Lair:5:   layout_cave_pods, basic_altar, gauntlet_entry_generic, uniq_sonja
Lair:6:   evilmike_catoblepas_cave, layout_loops_ring, slime_altar_1,
          nicolae_quartered_pool_super, uniq_kirke
Snake:1:  layout_rooms, uniq_frances
Snake:2:  layout_basic, uniq_aizul, uniq_azrael, uniq_vashnia
Snake:3:  layout_onion, grunt_ministairs_9, drop_trap
Snake:4:  johnstein_snake_rune_scales, layout_basic, nicolae_snake_lava_pool,
          grunt_megastairs_4
Orc:1:    layout_caves, serial_shops, nicolae_shop_stone, mines1_david
Orc:2:    grunt_orc_community_town_hall, layout_caves,
          grunt_orc_community_big_house_2, grunt_orc_community_big_house_1,
          grunt_orc_community_house_1, grunt_orc_community_house_1,
          grunt_orc_community_house_1, grunt_orc_community_house_1,
          serial_shops, nicolae_lakefront_shop, nicolae_shop_hallway_plus

Skill      XL: |  1  2  3  4  5  6  7  8  9 10 11 12 13 14 15 16 |
---------------+-------------------------------------------------+-----
Fighting       | 4 5 6 7 8 9 10 12 14 16 17 19 20 | 20.5
Axes           | 4 5 6 7 8 9 10 12 14 16 | 16.0
Dodging        | 4 5 6 7 9 10 11 13 | 13.5
Armour         | 1 3 5 7 9 12 14 16 | 16.3
Slings         | 3 4 |  4.6
Shields        | 5 9 10 | 10.0
Invocations    | 5 8 10 | 10.0
Evocations     | 2 |  2.0
Stealth        | |  1.5

Action                   |  1- 3 |  4- 6 |  7- 9 | 10-12 | 13-15 | 16-18 || total
-------------------------+-------+-------+-------+-------+-------+-------++-------
Melee: Hand axe          |   103 |   124 |   139 |    15 |       |       ||   381
       Headbutt          |    18 |    30 |    71 |    78 |   310 |   123 ||   630
       Punch             |     3 |     1 |     7 |     1 |       |       ||    12
       Whip              |       |       |    58 |       |       |       ||    58
       Morningstar       |       |       |   129 |       |       |       ||   129
       War axe           |       |       |       |   369 |  1195 |   404 ||  1968
 Fire: Hunting sling     |       |       |       |     9 |       |       ||     9
Invok: Minor Destruction |       |       |     3 |       |       |       ||     3
       Lesser Servant of |       |       |     1 |     3 |     3 |       ||     7
       Greater Servant o |       |       |       |       |     1 |     1 ||     2
Evoke: Wand              |     2 |    11 |    12 |     7 |     7 |     7 ||    46
       Condenser vane    |       |       |       |       |     1 |       ||     1
  Use: Scroll            |     3 |     2 |     8 |    13 |     7 |     2 ||    35
       Potion            |       |       |     4 |     6 |     4 |     4 ||    18
 Stab: Distracted        |       |       |     1 |     2 |     3 |       ||     6
       Sleeping          |       |       |       |     2 |       |       ||     2
Armor: Ring mail         |    39 |    20 |    82 |    22 |       |       ||   163
       Chain mail        |       |       |       |    43 |       |       ||    43
       Plate armour      |       |       |       |    34 |   333 |   114 ||   481
Dodge: Dodged            |    36 |    71 |   241 |   138 |   313 |   147 ||   946
Block: Kite shield       |       |       |       |   137 |   561 |   222 ||   920
